 Dungeon Crawl Stone Soup version 0.29-a0-892-g2c4c91d9db (webtiles) character file.

Game seed: 4505928972197180836

454 zeratav the Tainter (level 7, -2/41 HPs)
             Began as an Octopode Venom Mage on July 22, 2022.
             Was an Initiate of Gozag.
             Shot with an arrow by a centaur (14 damage)
             ... on level 5 of the Dungeon.
             The game lasted 00:06:28 (4810 turns).

zeratav the Tainter (Octopode Venom Mage)           Turns: 4810, Time: 00:06:28

Health: -2/41      AC:  1    Str:  7    XL:     7   Next: 5%
Magic:  7/10       EV: 12    Int: 26    God:    Gozag
Gold:   342        SH:  3    Dex: 12    Spells: 3/10 levels left

rFire   . . .      SeeInvis +   h - +0 dagger {short}
rCold   . . .      Faith    .   m - +0 buckler
rNeg    . . .      Spirit   .   (helmet restricted)
rPois   .          Reflect  .   f - amulet of regeneration
rElec   .          Harm     .   i - +6 ring of intelligence
rCorr   .          Rampage  .   w - ring of flight
Will    .....                   q - ring of see invisible
Stlth   ++++......              (no ring)
HPRegen 0.93/turn               (no ring)
MPRegen 0.12/turn               (no ring)
                                (no ring)
                                (no ring)

@: flying
A: almost no armour, amphibious, 8 rings, camouflage 1, gelatinous body 1,
(nimble swimmer 1), tentacles
a: Renounce Religion, Potion Petition, Call Merchant, Bribe Branch


You were on level 5 of the Dungeon.
You worshipped Gozag.
Gozag was aware of your devotion.
You visited 2 branches of the dungeon, and saw 7 of its levels.

You collected 392 gold pieces.
You paid 50 gold pieces to Gozag.


Innate Abilities, Weirdness & Mutations

You cannot wear most types of armour.
You are amphibious.
You can wear up to eight rings at the same time.
Your skin changes colour to match your surroundings (Stealth+).
Your rubbery body absorbs attacks. (AC +1, EV +1)
((You are camouflaged when in or above water. (Stealth+)))
You have tentacles for arms and can constrict up to eight enemies at once.


   Skills:
 - Level 2.0 Dodging
 - Level 5.0 Stealth
 - Level 2.0 Spellcasting
 - Level 1.0 Transmutations
 + Level 8.6 Poison Magic


You had 3 spell levels left.
You knew the following spells:

 Your Spells              Type           Power      Damage    Failure   Level
a - Sting                 Tmut/Pois      100%       1d8       1%          1
b - Poisonous Vapours     Pois/Air       48%        N/A       3%          2
c - Olgreb's Toxic Radia  Pois           47%        N/A       4%          4

Your spell library contained the following spells:

 Spells                   Type           Power      Damage    Failure   Level
 Mephitic Cloud           Conj/Pois/Air  17%        N/A       13%         3
 Scorch                   Fire           4%         2d5       22%         2
 Flame Wave               Conj/Fire      2%         2d4       80%         4
 Summon Cactus Giant      Summ           1%         N/A       100%        6

Inventory:

Hand Weapons
 c - a +2 flail of holy wrath {mace}
   (You took it off Edmund on level 5 of the Dungeon)
 h - a +0 dagger (weapon) {short}
   (You took it off a kobold on level 1 of the Dungeon)
Armour
 m - a +0 buckler (worn)
   (You found it on level 2 of the Dungeon)
Magical Staves
 y - a staff of air {staff}
   (You found it on level 5 of the Dungeon)
Jewellery
 f - an amulet of regeneration (around mantle)
   (You found it on level 1 of the Dungeon)
 i - a +6 ring of intelligence (left tentacle)
   (You found it on level 2 of the Dungeon)
 q - a ring of see invisible (on tentacle)
   (You found it on level 3 of the Dungeon)
 w - a ring of flight (right tentacle)
   (You found it on level 4 of the Dungeon)
Wands
 v - a wand of flame (16)
   (You found it on level 4 of the Dungeon)
Scrolls
 d - 2 scrolls of teleportation {@r4}
 e - a scroll of enchant armour
 g - 2 scrolls of fear
 j - a scroll of summoning {unknown}
 n - 2 scrolls of vulnerability {!r!r}
 r - 2 scrolls of magic mapping {!r}
 u - a scroll of butterflies
 z - a scroll of poison {unknown}
Potions
 a - 2 potions of magic
 b - 4 potions of mutation {unknown}
 k - 2 potions of haste {unknown}
 l - 4 potions of curing {@q1}
 o - a potion of cancellation {unknown}
 p - a potion of degeneration {unknown}
 s - a potion of resistance {unknown}
 t - a potion of invisibility {unknown}
 x - a potion of lignification {unknown}

Dungeon Overview and Level Annotations

Branches:
Dungeon (6/15) Zot: 25028  Temple (1/1) D:4 Zot: 5874

Altars:
Ashenzari
Cheibriados
Dithmenos
Fedhas
Gozag
Hepliaklqana
Kikubaaqudgha
Makhleb
Okawaru
Qazlal
Sif Muna
Trog
Uskayaw
Vehumet
Wu Jian
Xom
Yredelemnul
Zin
The Shining One

Shops:
D:5 [

Annotations:
D:3 1 runed translucent door
D:4 1 runed translucent door, Crazy Yiuf
D:6 exclusions: black bear and ogre

......c.## #....#
.........##.....#
..PPP....>.#.#.#.#
P...PP.P..#.........
P...P♣.P..##.#.##+##
PPP...PPPP..##...#
............####c+
....⌠.......###..#
............##@#.##+##
PPP..YPPPP...#........
P.P...P..P.....#.#.#.#
♣.P...PP.P.......###
PPP[..PPP.........#
..................#
...........#......##.
.######.####.........
#.# #.#.....##


You could see a centaur (very poisoned).


Message History

Press: ? - help, Dir - move target, f/p - Edmund
Aim: Edmund, wielding a +2 flail of holy wrath and wearing a +0 ring mail (moderately wounded, very poisoned) Poisonous vapours surround Edmund!
Edmund looks as sick as possible!
MP[-2]
You lost 2 mp, and now have 2/9 mp.
Casting: Poisonous Vapours (safe; 4% risk of failure)
Confirm with . or Enter, or press ? or * to list all spells.
Aiming: Poisonous Vapours (safe; 4% risk of failure)
Press: ? - help, Dir - move target, f/p - Edmund
Aim: Edmund, wielding a +2 flail of holy wrath and wearing a +0 ring mail (moderately wounded, extremely poisoned) Poisonous vapours surround Edmund!
Edmund looks as sick as possible!
MP[-2]
You lost 2 mp, and now have 0/9 mp.
MP[+1] Edmund clears his throat.
Edmund asks, "Have you met my wondrous brother?"
Casting: Poisonous Vapours (safe; 4% risk of failure)
Confirm with . or Enter, or press ? or * to list all spells.
You don't have enough magic to cast this spell.
Casting: Poisonous Vapours (safe; 4% risk of failure)
Confirm with . or Enter, or press ? or * to list all spells.
Aiming: Sting (safe; 2% risk of failure)
Press: ? - help, Shift-Dir - straight line, f/p - Edmund
Aim: Edmund, wielding a +2 flail of holy wrath and wearing a +0 ring mail (severely wounded, very poisoned, 81% to hit)
The sting hits Edmund!
Edmund looks as sick as possible!
MP[-1]
You lost 1 mp, and now have 0/9 mp.
You kill Edmund!
Your Poison Magic skill increases to level 8!
You have reached level 7!
HP[+5]
You now have 41 max hp (+5).
Your hp is fully restored (41).
You now have 320 gold pieces (gained 7).
c - a +2 flail of holy wrath {mace} You see here a +0 ring mail.
MP[+10]
Your mp is fully restored (10).
There is a stone staircase leading down here.
You now have 342 gold pieces (gained 22).
Found a stone staircase leading down.
j - a scroll labelled SAHOIP UPHUT An orc comes into view.
It is wielding a +0 flail.
The orc hits the bush with a +0 flail.
An orc is nearby!
A sky beast comes into view.
This spell is dangerous to cast!
Memorise Olgreb's Toxic Radiance, consuming 4 spell levels and leaving 3?
You start memorising the spell.
You continue memorising. x4
You finish memorising.
Spell assigned to 'c'.
Okay, then.
You see here a staff of air {staff}.
y - a staff of air {staff}
There is a stone staircase leading down here.
Something hits the bush!!
A centaur comes into view.
You see here a scroll labelled CEBUYT XEEL.
z - a scroll labelled CEBUYT XEEL The centaur shouts!
The centaur wields a +3 shortbow.
The centaur shoots an arrow.
The arrow hits you.
HP[-4]
You take 4 damage, and now have 37/41 hp.
Casting: Sting (safe; 1% risk of failure)
Confirm with . or Enter, or press ? or * to list all spells.
Aiming: Poisonous Vapours (safe; 3% risk of failure)
Press: ? - help, Dir - move target, f - centaur
Aim: a centaur, wielding a +3 shortbow Poisonous vapours surround the centaur!
The centaur is poisoned.
HP[+1] MP[-2]
You lost 2 mp, and now have 8/10 mp.
The centaur shoots an arrow.
The arrow hits you!
You hear a shout!
HP[-6]
You take 6 damage, and now have 32/41 hp.
HP[+1]
The centaur shoots an arrow.
The arrow hits you!
HP[-10]
You take 10 damage, and now have 23/41 hp.
MASSIVE DAMAGE!! (PAUSE)
The centaur shoots an arrow.
The arrow hits you!
* * * LOW HITPOINT WARNING * * *
HP[-10]
You take 10 damage, and now have 13/41 hp.
MASSIVE DAMAGE!! (PAUSE) HP[+1] HP[+1] HP[+1] HP[+1] MP[+1] HP[+1]
Casting: Poisonous Vapours (safe; 3% risk of failure)
Confirm with . or Enter, or press ? or * to list all spells.
Aiming: Poisonous Vapours (safe; 3% risk of failure)
Press: ? - help, Dir - move target, f/p - centaur
Aim: a centaur, wielding a +3 shortbow (heavily wounded, poisoned) Poisonous vapours surround the centaur!
The centaur looks even sicker.
The centaur shoots an arrow.
The arrow hits you!
* * * LOW HITPOINT WARNING * * *
The centaur shoots an arrow.
The arrow hits you!
You die...
Your body crumbles into a pile of gold.

Skill      XL: |  1  2  3  4  5  6 |
---------------+-------------------+-----
Stealth        | 3 4 5 |  5.0
Poison Magic   | 4 5 7 8 |  8.6
Dodging        | |  2.0
Spellcasting   | |  2.0
Transmutations | |  1.0

Action                   |  1- 3 |  4- 6 |  7- 9 || total
-------------------------+-------+-------+-------++-------
Melee: Short sword       |     8 |       |       ||     8
       Constrict         |    15 |    12 |       ||    27
       Tentacles         |    11 |    11 |       ||    22
       Unarmed           |     2 |       |       ||     2
       Dagger            |    40 |    63 |       ||   103
 Cast: Sting             |    14 |    20 |       ||    34
       Poisonous Vapours |     2 |    12 |     2 ||    16
Evoke: Wand              |       |     4 |       ||     4
  Use: Scroll            |       |     8 |       ||     8
 Stab: Sleeping          |     5 |    10 |       ||    15
       Distracted        |       |     2 |       ||     2
Armor: Skin              |     5 |     3 |       ||     8
Dodge: Dodged            |    35 |    22 |       ||    57

Levels and vault maps discovered:
D:1:      dpeg_arrival_another_circle, layout_basic,
          hellmonk_ecumenical_altar_arch_garden
D:2:      layout_loops_ring, serial_bayou_pond_e, serial_park_tiny_2,
          uniq_jessica
D:3:      layout_basic, nicolae_gozag_seed_capital, dk_yredelemnul_ordeal,
          minmay_misc_feat_cross
D:4:      layout_loops_corners, okawaru_ov_weapons_minmay, lemuel_doored_altar,
          minmay_temple_entry_trees, uniq_menkaure, uniq_crazy_yiuf_cottage
D:5:      layout_cave_pods, serial_shops, kennysheep_little_box, serial_park,
          serial_park_paths [serial_park_minivault_5x5_7], serial_park_square2,
          serial_park_tiny_1, minmay_misc_feat_doors, serial_bayou_pond_b,
          uniq_prince_ribbit1, uniq_ijyb, uniq_edmund, uniq_eustachio
D:6:      layout_gridville, eino_tiny_chamber
Temple:   regret_index_temple_waves

Notes
Turn   | Place    | Note
-------+----------+-------------------------------------------
     0 | D:1      | zeratav the Octopode Venom Mage began the quest for the
                  | Orb.
     0 | D:1      | Reached XP level 1. HP: 11/11 MP: 3/3
     0 | D:1      | magus.rc [v1.9.6]
   118 | D:1      | You pick up a book of Scorching and begin reading...
   118 | D:1      | You add the spells Scorch, Flame Wave and Summon Cactus
                  | Giant to your library.
   465 | D:1      | Reached skill level 3 in Stealth
   507 | D:1      | Found a faded altar of an unknown god.
   595 | D:1      | Reached skill level 4 in Poison Magic
   595 | D:1      | Reached XP level 2. HP: 17/17 MP: 5/5
  1094 | D:2      | Reached skill level 4 in Stealth
  1094 | D:2      | Reached XP level 3. HP: 21/21 MP: 0/6
  1235 | D:2      | Learned a level 2 spell: Poisonous Vapours
  1319 | D:2      | Reached XP level 4. HP: 27/27 MP: 7/7
  1370 | D:2      | Reached skill level 5 in Poison Magic
  1379 | D:2      | Reached skill level 5 in Stealth
  1691 | D:2      | Noticed Jessica
  1701 | D:2      | Killed Jessica
  1702 | D:2      | Reached XP level 5. HP: 20/31 MP: 2/8
  2075 | D:3      | Found a runed translucent door.
  2075 | D:3      | Found a basalt altar of Yredelemnul.
  2075 | D:3      | Noticed a human
  2087 | D:3      | Reached skill level 6 in Poison Magic
  2125 | D:3      | Found an opulent altar of Gozag.
  2191 | D:3      | Became a worshipper of Gozag Ym Sagoz the Greedy
  2422 | D:3      | You fall into a shaft and drop 3 floors!
  2514 | D:6      | Noticed a black bear
  2526 | D:6      | Noticed an ogre
  2614 | D:5      | Entered Level 5 of the Dungeon
  2768 | D:4      | Found a staircase to the Ecumenical Temple.
  2777 | Temple   | Entered the Ecumenical Temple
  3302 | D:4      | Found an iron altar of Okawaru.
  3650 | D:4      | Noticed Menkaure
  3696 | D:4      | Killed Menkaure
  3697 | D:4      | Reached skill level 7 in Poison Magic
  3697 | D:4      | Reached XP level 6. HP: 11/36 MP: 9/9
  3969 | D:4      | Found a stormy altar of Qazlal.
  4236 | D:4      | Found a runed translucent door.
  4237 | D:4      | Noticed Crazy Yiuf
  4497 | D:5      | Found Aqiu's Antique Armour Boutique.
  4542 | D:5      | Noticed Edmund
  4661 | D:5      | Killed Edmund
  4662 | D:5      | Reached skill level 8 in Poison Magic
  4662 | D:5      | Reached XP level 7. HP: 41/41 MP: 0/10
  4793 | D:5      | Learned a level 4 spell: Olgreb's Toxic Radiance
  4810 | D:5      | Shot with an arrow by a centaur

Vanquished Creatures
  Menkaure (D:4)
  Edmund (D:5)
  A human zombie (D:3)
  A hound (D:5)
  Jessica (D:2)
  4 adders
  4 gnolls (D:2)
  3 worms
  2 orcs
  4 bats
  4 giant cockroaches
  6 hobgoblins
  A quokka (D:2)
  11 ball pythons
  2 frilled lizards
  2 goblins
  A goblin zombie (D:3)
  5 kobolds
  6 rats
60 creatures vanquished.

Vanquished Creatures (others)
  5 plants (D:5)
5 creatures vanquished.

Grand Total: 65 creatures vanquished

Table legend:
 A = Non-vault XP
 B = Vault XP
 C = Vault XP percentage of total XP
 D = Non-vault monster count
 E = Vault monster count
 F = Vault count percentage of total count
                 A         B        C        D         E       F
            +---------+---------+-------+---------+---------+-------
      Total |     235 |     414 |  63.8 |      55 |       5 |   8.3
            +---------+---------+-------+---------+---------+-------
        D:1 |      18 |       0 |   0.0 |      14 |       0 |   0.0
        D:2 |     128 |      37 |  22.4 |      23 |       1 |   4.2
        D:3 |      40 |      44 |  52.4 |      14 |       2 |  12.5
        D:4 |       7 |     169 |  96.0 |       3 |       1 |  25.0
        D:5 |      42 |     164 |  79.6 |       1 |       1 |  50.0
            +---------+---------+-------+---------+---------+-------

Illustrated notes

Table legend:
 A = Kills in this place as a percentage of kills in entire the game.
 B = Kills by you in this place as a percentage of kills by you in the entire game.
 C = Kills by friends in this place as a percentage of kills by friends in the entire game.
 D = Other kills in this place as a percentage of other kills in the entire game.
 E = Experience gained in this place as a percentage of experience gained in the entire game.
 F = Experience gained in this place divided by the number of levels of this place that you have seen.
                   A       B       C       D       E      F
               +-------+-------+-------+-------+-------+----------------------
         Total | 100.0 | 100.0 |   N/A |   N/A | 100.0 |  92.7
       Dungeon | 100.0 | 100.0 |   N/A |   N/A | 100.0 | 108.2
               +-------+-------+-------+-------+-------+----------------------

Table legend: (Time is in decaauts)
 A = Elapsed time spent in this place.
 B = Non-inter-level travel time spent in this place.
 C = Inter-level travel time spent in this place.
 D = Time resting spent in this place.
 E = Time spent auto-exploring this place.
 F = Levels seen in this place.
 G = Mean time per level.
                   A        B        C        D        E       F      G
               +--------+--------+--------+--------+--------+-----+--------+
         Total |   4809 |   4528 |    281 |    210 |   3592 |   7 |  687.0 |
       Dungeon |   4684 |   4425 |    259 |    210 |   3500 |   6 |  780.7 |
        Temple |    125 |    103 |     22 |      0 |     92 |   1 |  125.0 |
               +--------+--------+--------+--------+--------+-----+--------+

Top non-repeatable levels by time:
     D:4: 1185 daAuts
     D:2: 1034 daAuts
     D:1: 975 daAuts
     D:3: 777 daAuts
     D:5: 519 daAuts
     D:6: 191 daAuts
  Temple: 125 daAuts
